Map: Old Republic LE

Players

LiquidClem (Clem) - Winner!

  • Race: Terran Terran
  • League: Grandmaster
  • Spawn Location: 1:00

Harstem

  • Race: Protoss Protoss
  • League: Grandmaster
  • Spawn Location: 7:00

VOD

Have the link to the VOD?

Description

Time

  • Played on: Jan. 31, 2026, 8:23 a.m.
  • Length: 3:13
Show
View Real Time Build Order
Export as new Build Order

LiquidClem Terran - Winner!

Build Orders:  

Get SALT Encoding   

  12  0:00  SCV  
  13  0:12  SCV  
  14  0:18  Supply Depot  
  14  0:24  SCV  
  15  0:40  Barracks  
  16  0:44  Refinery  
  15  0:54  Barracks  
  15  0:58  SCV  
  16  1:10  SCV  
  17  1:26  Barracks Tech Lab  
  17  1:27  Orbital Command  
  17  1:33  Supply Depot  
  17  1:42  Barracks Tech Lab  
  17  1:45  Marauder  
  19  1:52  SCV  
  20  2:00  Marauder  
  22  2:06  Marauder  
  22  2:08  SCV  
  25  2:12  Concussive Shells  
  25  2:18  Supply Depot  
  25  2:23  Marauder  
  27  2:30  SCV  
  27  2:35  Marauder  
  30  2:42  SCV  
  31  2:44  Marauder  
  31  2:50  Bunker  
  33  2:55  SCV  
Show
View Real Time Build Order
Export as new Build Order

Harstem Protoss 

Build Orders: 1 Gate Expand 

Get SALT Encoding   

  12  0:00  Probe  
  13  0:12  Probe  
  14  0:18  Pylon  
  14  0:24  Probe  
  15  0:32  Probe  
  15  0:36  Gateway  
  15  0:40  Probe  
  16  0:46  Assimilator  
  17  0:51  Probe  
  18  1:03  Probe  
  19  1:15  Probe  
  20  1:21  Nexus  
  20  1:30  Cybernetics Core  
  20  1:33  Probe  
  20  1:38  Assimilator  
  21  1:45  Probe  
  22  1:47  Pylon  
  22  1:57  Adept, Probe  
  25  2:09  Probe  
  26  2:17  Twilight Council  
  26  2:21  Probe  
  29  2:31  Stalker  
  29  2:36  Probe  
  30  2:37  Probe, Shield Battery  
  31  2:48  Probe  
Tags
 
Add a new tag
Caveats
  • Supply blocks, unpowered buildings, or Contaminate may cause inaccurate times.
  • Supply counts are checked every 10 seconds.